 Dungeon Sprint DCSS version 0.31-a0-435-g2c6fae2916 (webtiles) character file.

Game seed: 12305210893818914755

3806 rocky1 the Martial Artist (level 9, -8/77 HPs)
             Began as a Demonspawn Shapeshifter on Aug 2, 2023.
             Was an Initiate of Gozag.
             Mangled by a sun demon (16 damage)
             ... summoned by an orc high priest
             ... in the Dungeon (Sprint VII: "The Pits").
             The game lasted 00:07:37 (3231 turns).

rocky1 the Martial Artist (Demonspawn Shapeshifter) Turns: 3231, Time: 00:07:39

Health: -8/77      AC: 14    Str: 18    XL:     9   Next: 96%
Magic:  9/9        EV: 15    Int: 15    God:    Gozag
Gold:   883        SH:  0    Dex: 18    Spells: 8/8 levels left

rFire   . .          .
                       - Unarmed
rCold   . . .        (no shield)
rNeg    . . .        w - +4 chain mail
rPois   .            (helmet currently unavailable)
rElec   .            (cloak currently unavailable)
rCorr   .            (gloves currently unavailable)
SInv    .            (boots currently unavailable)
Will    .....        (no amulet) Stlth
                     s - +3 ring of dexterity
HPRegen 0.32/turn    t - +3 ring of strength
MPRegen 0.11/turn

%: no teleportation
@: agile, beast-form
A: beast (slay +6), powered by pain 1, big brain 1, condensation shield, demonic
touch 2
a: Begin Untransformation, Renounce Religion, Potion Petition, Call Merchant,
Bribe Branch


You were in the Dungeon.
You worshipped Gozag.
Gozag was pleased with you.
You were a hulking beast.
You visited 1 branch You collected 2907 gold pieces.
You spent 953 gold pieces at shops.
You paid 1071 gold pieces to Gozag.

Inventory:

Missiles
 a - 3 curare-tipped darts (quivered)
 i - 3 boomerangs
 m - 7 poisoned darts
Armour
 o - a +1 helmet of intelligence
 w - a +4 chain mail (worn)
Jewellery
 s - a +3 ring of dexterity (left hand)
 t - a +3 ring of strength (right hand)
Talismans
 c - a beast talisman (active)
Wands
 n - a wand of paralysis (5)
 p - a wand of polymorph (4)
Scrolls
 k - 5 scrolls of amnesia
 q - a scroll of immolation
Potions
 b - a potion of lignification
 d - 5 potions of curing
 e - 10 potions of heal wounds
 f - a potion of haste
 g - 4 potions of magic
 h - 2 potions of berserk rage
 j - a potion of invisibility
 u - a potion of might
 v - a potion of mutation


   Skills:
 * Level 9.4 Fighting
 + Level 7.9 Armour
 + Level 5.4 Dodging
 - Level 3.5 Stealth
 + Level 2.5 Shields
 + Level 13.4 Unarmed Combat
 + Level 9.2 Shapeshifting


You had 8 spell levels left.
You didn't know any spells.
Your spell library was empty.

Dungeon Overview and Level Annotations

Branches:
Dungeon (1/1)

Altars:
Ashenzari
Cheibriados
Dithmenos
Fedhas
Gozag
Hepliaklqana
Kikubaaqudgha
Makhleb
Nemelex Xobeh
Okawaru
Qazlal
Ru
Sif Muna
Trog
Uskayaw
Vehumet
Wu Jian
Xom
Yredelemnul
Jiyva
Lugonu

Shops:
D *=


Innate Abilities, Weirdness & Mutations

You are a hulking beast.
Your limbs bulge with bestial killing power. (Slay +6)
You sometimes gain a little power by taking damage.
You have an unusually large brain. (Int +2)
A meltable shield of frost defends you. (SH +0)
Your touch may inflict irresistible damage on your foes.


Message History

Throw: 4 darts (curare)
Press: ? - help, Q - select action, (/) - cycle Shift-Dir - straight line, f/p - orc high priest
Aim: an orc high priest, wielding a +0 mace (63% to hit)
You throw a curare-tipped dart.
The curare-tipped dart barely misses the orc warrior.
The curare-tipped dart hits the orc high priest.
The orc high priest is poisoned.
The orc high priest convulses.
The orc high priest seems to slow down.
The orc high priest is lightly wounded.
The orc high priest utters an invocation to Beogh.
You hit the orc warrior but do no damage.
You touch the orc warrior!
The orc warrior is heavily wounded.
The orc warrior misses you.
You punch the orc warrior!
The orc warrior is almost dead.
The orc warrior closely misses you.
You punch the orc warrior!
You kill the orc warrior!
Unknown command.
You punch the orc!
You kill the orc!
You feel a bit more experienced.
You hit the sun demon. Your touch misses the sun demon.
The sun demon is lightly wounded.
The sun demon hits you!!
You focus on the pain.
You feel agile all of a sudden.
You are engulfed in flames!!
Your condensation shield dissipates!
You hit the sun demon.
You touch the sun demon!
The sun demon is moderately wounded.
The sun demon hits you.
You are engulfed in flames!!
* * * LOW HITPOINT WARNING * * *
You punch the sun demon! Your touch misses the sun demon.
The sun demon is heavily wounded.
The sun demon hits you!
* * * LOW HITPOINT WARNING * * *
You are engulfed in flames!
You die...
Your body crumbles into a pile of gold.

#.$# #o$# #..#
########## #.∩#
.....##..# #4o#
.....##..# #..#
.....''..# #..#
.....''..##########o.#
.....##..)......h34..#
.....##.)............#
######################
$ $$ $


You could see a sun demon (summoned), an ice devil (summoned) and an orc
warrior.

Vanquished Creatures
  A merfolk aquamancer (D)
  A demonic crawler (D)
  Sonja (D)
  A black mamba (D)
  A merfolk (D)
  3 water elementals (D)
  A fire bat (D)
  A warg (D)
  A floating eye (D)
  2 orc warriors (D)
  A centaur (D)
  2 kobold brigands (D)
  2 bullfrogs (D)
  A small abomination (D)
  2 iron imps (D)
  3 orc wizards (D)
  A mummy (D)
  2 adders (D)
  An ufetubus (D)
  7 orcs (D)
  A bat zombie (D)
  3 jackals (D)
  A quokka (D)
  A frilled lizard (D)
  A kobold (D)
42 creatures vanquished.

Notes
Turn   | Place    | Note
-------+----------+-------------------------------------------
     0 | D        | rocky1 the Demonspawn Shapeshifter began the quest for the
                  | Orb.
     0 | D        | Reached XP level 1. HP: 15/15 MP: 1/1
    20 | D        | Reached skill level 3 in Unarmed Combat
    36 | D        | Found a bloodstained altar of Trog.
    36 | D        | Found a shimmering blue altar of Sif Muna.
    36 | D        | Found a viscous altar of Jiyva.
    36 | D        | Found a hazy altar of Hepliaklqana.
    36 | D        | Found an opulent altar of Gozag.
    37 | D        | Found a basalt altar of Yredelemnul.
    37 | D        | Found a shimmering altar of Xom.
    37 | D        | Found an ornate altar of the Wu Jian Council.
    37 | D        | Found a sacrificial altar of Ru.
    37 | D        | Found a stormy altar of Qazlal.
    37 | D        | Found an iron altar of Okawaru.
    37 | D        | Found a sparkling altar of Nemelex Xobeh.
    37 | D        | Found a burning altar of Makhleb.
    37 | D        | Found a blossoming altar of Fedhas.
    37 | D        | Found a shadowy altar of Dithmenos.
    37 | D        | Found a snail-covered altar of Cheibriados.
    40 | D        | Found a corrupted altar of Lugonu.
    40 | D        | Found a radiant altar of Vehumet.
    41 | D        | Found an ancient bone altar of Kikubaaqudgha.
    41 | D        | Found a hide-covered altar of Uskayaw.
    41 | D        | Found a broken altar of Ashenzari.
    44 | D        | Became a worshipper of Gozag Ym Sagoz the Greedy
   213 | D        | Reached skill level 4 in Unarmed Combat
   213 | D        | Gained mutation: Your touch may inflict minor irresistible
                  | damage on your foes. [demonic ancestry]
   213 | D        | Reached XP level 2. HP: 21/21 MP: 2/2
   618 | D        | Noticed a kobold brigand
   618 | D        | Noticed a floating eye
   626 | D        | Killed a kobold brigand
   627 | D        | Reached skill level 5 in Unarmed Combat
   627 | D        | Reached skill level 5 in Shapeshifting
   627 | D        | Gained mutation: You have an unusually large brain. (Int
                  | +2) [demonic ancestry]
   627 | D        | Reached XP level 3. HP: 26/26 MP: 3/3
   627 | D        | Gained mutation: You sometimes gain a little power by
                  | taking damage. [demonic ancestry]
   627 | D        | Reached XP level 4. HP: 32/32 MP: 4/4
   905 | D        | Paralysed by a floating eye for 4 turns
   911 | D        | Killed a floating eye
   912 | D        | Reached skill level 1 in Stealth
   912 | D        | Reached skill level 6 in Unarmed Combat
   912 | D        | Reached XP level 5. HP: 30/38 MP: 5/5
  1174 | D        | Noticed a fire bat
  1174 | D        | Noticed an orc warrior
  1184 | D        | Killed a fire bat
  1185 | D        | Reached skill level 8 in Unarmed Combat
  1185 | D        | Gained mutation: Your touch may inflict irresistible damage
                  | on your foes. [demonic ancestry]
  1185 | D        | Reached XP level 6. HP: 18/47 MP: 6/6
  1211 | D        | Killed an orc warrior
  1218 | D        | Reached skill level 9 in Unarmed Combat
  1218 | D        | Gained mutation: A meltable shield of frost defends you.
                  | (SH +0) [demonic ancestry]
  1218 | D        | Reached XP level 7. HP: 28/54 MP: 7/7
  1495 | D        | Noticed a black mamba
  1502 | D        | Killed a black mamba
  1503 | D        | Reached skill level 5 in Fighting
  1503 | D        | Reached skill level 10 in Unarmed Combat
  1973 | D        | Reached XP level 8. HP: 64/64 MP: 8/8
  2094 | D        | Bought a wand of paralysis (5) for 168 gold pieces
  2094 | D        | Bought a +1 helmet of intelligence for 231 gold pieces
  2094 | D        | Bought a wand of polymorph (4) for 78 gold pieces
  2094 | D        | Bought a scroll of immolation for 56 gold pieces
  2094 | D        | Bought a +0 plate armour of fire resistance for 420 gold
                  | pieces
  2312 | D        | Noticed a demonic crawler
  2329 | D        | Killed a demonic crawler
  2330 | D        | Reached skill level 1 in Shields
  2330 | D        | Reached skill level 11 in Unarmed Combat
  2615 | D        | Noticed Sonja
  2626 | D        | Killed Sonja
  2627 | D        | Reached skill level 5 in Armour
  2627 | D        | Reached skill level 5 in Dodging
  2627 | D        | Reached skill level 12 in Unarmed Combat
  2627 | D        | Reached XP level 9. HP: 62/74 MP: 9/9
  2648 | D        | Noticed a merfolk aquamancer
  2648 | D        | Noticed a merfolk
  2707 | D        | Killed a merfolk aquamancer
  2710 | D        | Reached skill level 13 in Unarmed Combat
  2862 | D        | Killed a merfolk
  3211 | D        | Noticed an orc high priest
  3212 | D        | Noticed an ice devil
  3214 | D        | Noticed a sun demon
  3231 | D        | Mangled by a sun demon

Illustrated notes

Levels and vault maps discovered:
D:        pitsprint [storerooms_1, entrance_room_1, metal_vault_2, armoury_2,
          mini_pit_1, grid_room_1, main_hall_1, silver_pit, the_coven_1,
          the_vestibule_1, steel_vault_2, golden_pit, hallway_of_sentries,
          crystal_vault_6, iron_vault_3, final_vault]

Skill      XL: |  1  2  3  4  5  6  7  8  9 |
---------------+----------------------------+-----
Unarmed Combat | 4 5 6 8 9 10 12 13 | 13.4
Dodging        | 2 3 4 5 |  5.4
Shapeshifting  | 3 5 6 7 8 9 |  9.2
Fighting       | 2 3 4 5 8 9 |  9.4
Stealth        | 1 2 3 |  3.5
Armour         | 2 5 7 |  7.9
Shields        | 1 2 |  2.5

Action                     |  1- 3 |  4- 6 |  7- 9 || total
---------------------------+-------+-------+-------++-------
  Melee: Unarmed           |    24 |    37 |    67 ||   128
         Touch             |     1 |     7 |    17 ||    25
         Punch             |       |       |     2 ||     2
  Throw: Dart              |       |       |     2 ||     2
 Invoke: Call Merchant     |       |       |     2 ||     2
    Use: Potion            |     1 |     1 |     7 ||     9
         Scroll            |       |       |     2 ||     2
   Stab: Sleeping          |     1 |       |       ||     1
         Invisible         |       |       |     1 ||     1
 Armour: Animal skin       |     8 |     2 |       ||    10
         Scale mail        |       |     5 |     6 ||    11
         Plate armour      |       |       |     6 ||     6
         Chain mail        |       |       |     8 ||     8
  Dodge: Dodged            |    22 |    15 |    32 ||    69
  Block: Other             |       |       |     8 ||     8

Table legend: (Time is in decaauts)
 A = Elapsed time spent in this place.
 B = Non-inter-level travel time spent in this place.
 C = Inter-level travel time spent in this place.
 D = Time resting spent in this place.
 E = Time spent auto-exploring this place.
 F = Levels seen in this place.
 G = Mean time per level.
                   A        B        C        D        E       F      G
               +--------+--------+--------+--------+--------+-----+--------+
         Total |   3239 |   3175 |     64 |   2325 |      0 |   1 | 3239.0 |
       Dungeon |   3239 |   3175 |     64 |   2325 |      0 |   1 | 3239.0 |
               +--------+--------+--------+--------+--------+-----+--------+

Top non-repeatable levels by time:
       D: 3239 daAuts
